 Dungeon Crawl Stone Soup version 0.26.1-10-gdfb7c7de75 (webtiles) character file.

Game seed: 13363590464351101584

19 Revguard the Sneak (level 2, 0/13 HPs)
             Began as a Spriggan Enchanter on Apr 2, 2021.
             Slain by a kobold
             ... wielding a +0 dagger
              (6 damage)
             ... on level 1 of the Dungeon.
             The game lasted 00:04:52 (1406 turns).

Revguard the Sneak (Spriggan Enchanter)             Turns: 1406, Time: 00:04:55

Health: 0/13       AC:  2    Str:  4    XL:     2   Next: 55%
Magic:  0/7        EV: 18    Int: 16    God:
Gold:   35         SH:  0    Dex: 16    Spells: 4/7 levels left

rFire    . . .     SeeInvis +   c - +0 dagger (speed)
rCold    . . .     Faith    .   (shield restricted)
rNeg     . . .     Spirit   .   b - +0 robe
rPois    .         Reflect  .   (helmet restricted)
rElec    .         Harm     .   (no cloak)
rCorr    .         Rampage  .   (gloves unavailable)
Will     .....                  (boots unavailable)
Stlth    +++.......             (no amulet)
HPRegen  0.04/turn              (no ring)
MPRegen  0.10/turn              (no ring)

@: very quick
A: very small, unfitting armour, see invisible, speed 3
a: no special abilities


You were on level 1 of the Dungeon.
You visited 1 branch of the dungeon, and saw 1 of its levels.

You collected 35 gold pieces.

Inventory:

Hand Weapons
 a - a +1 dagger
 c - a +0 dagger of speed (weapon)
Armour
 b - a +0 robe (worn)
Jewellery
 e - an uncursed ring of positive energy {unknown}
Scrolls
 d - a scroll of random uselessness {unknown}
 f - a scroll of immolation {unknown}
Potions
 g - a potion of curing {unknown}


   Skills:
 + Level 0.1 Fighting
 + Level 1.3 Short Blades
 + Level 3.0 Dodging
 + Level 4.5 Stealth
 + Level 3.1 Spellcasting
 + Level 4.2 Hexes


You had 4 spell levels left.
You knew the following spells:

 Your Spells              Type           Power        Failure   Level
a - Corona                Hex            17%          3%          1
b - Ensorcelled Hibernat  Hex/Ice        18%          12%         2

Your spell library contained the following spells:

 Spells                   Type           Power        Failure   Level
 Confusing Touch          Hex            16%          10%         3
 Tukima's Dance           Hex            16%          10%         3
 Dazzling Flash           Conj/Hex       18%          24%         3


Dungeon Overview and Level Annotations

Branches:
Dungeon (1/15)

Altars:


Innate Abilities, Weirdness & Mutations

You are very small and have problems with some larger weapons.
You are too small for most types of armour.
You have supernaturally acute eyesight. (SInv)
You cover ground extremely quickly.


Message History

The kobold hits you but does no damage.
You hit the kobold.
The kobold is severely wounded.
You closely miss the kobold.
The kobold is severely wounded.
The kobold closely misses you.
You closely miss the kobold.
The kobold is severely wounded.
The kobold hits you but does no damage.
You hit the kobold but do no damage.
The kobold is severely wounded.
You closely miss the kobold.
The kobold is severely wounded.
The kobold hits you with a +0 dagger.
Aiming: Corona (safe; 3% risk of failure)
Press: ? - help, Q - select action, (/) - cycle Shift-Dir - straight line, f/p - kobold
Aim: a kobold, wielding a +0 dagger (severely wounded, chance to affect: 71%)
The kobold is outlined in light.
The kobold hits you with a +0 dagger.
You die...

#. ### #######.# ##.# ###
........# ##..# #.#
........# ##.#.## #.#
........# ##..#..# #.####
........###@#.#..######.#...
.........KK##.#.............
.........B##).#..######.....
##......######.... #.#...
#####..# #.#.##.###.#..#
####..# #...........#..#
#.....# #..##.##.........
#####....B#..#.
#....###.####
......)....#.##. #....#
#...#


You could see a giant cockroach and 2 kobolds.

Vanquished Creatures
  A dart slug (D:1)
  2 giant cockroaches (D:1)
  A goblin (D:1)
  3 hobgoblins (D:1)
  5 bats (D:1)
  3 kobolds (D:1)
  2 rats (D:1)
17 creatures vanquished.

Notes
Turn   | Place    | Note
-------+----------+-------------------------------------------
     0 | D:1      | Revguard the Spriggan Enchanter began the quest for the
                  | Orb.
     0 | D:1      | Reached XP level 1. HP: 9/9 MP: 5/5
   900 | D:1      | Reached XP level 2. HP: 13/13 MP: 5/7
  1124 | D:1      | Learned a level 2 spell: Ensorcelled Hibernation
  1406 | D:1      | Slain by a kobold

Illustrated notes

Levels and vault maps discovered:
D:1:      lightli_arrival_farm, layout_basic, minmay_cut_off

Skill      XL: |  1 |
---------------+----+-----
Hexes          | 4 |  4.2
Spellcasting   | 3 |  3.1
Fighting       | |  0.1
Short Blades   | |  1.3
Dodging        | |  3.0
Stealth        | |  4.5

Action                   || total
-------------------------++-------
Melee: Dagger            ||    97
 Cast: Corona            ||    11
       Ensorcelled Hiber ||     8
 Stab: Sleeping          ||     7
Armor: Robe              ||    12
Dodge: Dodged            ||    88
